 Dungeon Crawl Stone Soup version 0.24-a0-545-gd1b266b (webtiles) character file.

Game seed: 3815991552701108074

11 Alphaeus the Magician (level 2, 11/23 HPs)
             Began as a Gnoll Wanderer on Aug 19, 2019.
             Quit the game on level 1 of the Dungeon.
             The game lasted 00:00:23 (204 turns).

Alphaeus the Magician (Gnoll Wanderer)               Turns: 204, Time: 00:00:23

Health: 11/23      AC:  2    Str: 11    XL:     2   Next: 29%
Magic:  10/10      EV: 11    Int: 15    God:
Gold:   44         SH:  0    Dex: 16    Spells: 14/15 levels left

rFire    . . .     SeeInvis .   a - +2 falchion
rCold    . . .     Gourm    .   (no shield)
rNeg     . . .     Faith    .   d - +0 robe
rPois    .         Spirit   .   (no helmet)
rElec    .         Reflect  .   (no cloak)
rCorr    .         Harm     .   (no gloves)
MR       .....                  (no boots)
Stlth    ++........             (no amulet)
HPRegen  0.07/turn              (no ring)
MPRegen  0.12/turn              (no ring)

@: no status effects
A: distributed training, fangs 1, strong nose
a: no special abilities


You were on level 1 of the Dungeon.
You were not hungry.

You visited 1 branch of the dungeon, and saw 1 of its levels.

You collected 44 gold pieces.

Inventory:

Hand Weapons
 a - a +2 falchion (weapon)
Armour
 d - a +0 robe (worn)
Scrolls
 c - a scroll of teleportation
 g - a scroll of noise {unknown}
Potions
 e - a potion of heal wounds {unknown}
 h - 2 potions of degeneration {unknown}
 i - a potion of invisibility {unknown}
Comestibles
 b - 5 chunks of flesh
 f - 3 rations


   Skills:
 + Level 2.4 Fighting
 + Level 0.3 Short Blades
 + Level 2.4 Long Blades
 + Level 0.3 Axes
 + Level 0.3 Maces & Flails
 + Level 0.3 Polearms
 + Level 0.3 Staves
 + Level 0.3 Slings
 + Level 0.3 Bows
 + Level 0.3 Crossbows
 + Level 0.3 Throwing
 + Level 0.3 Armour
 + Level 0.3 Dodging
 + Level 2.2 Stealth
 + Level 0.3 Shields
 + Level 0.3 Unarmed Combat
 + Level 7.1 Spellcasting
 + Level 0.2 Conjurations
 + Level 2.0 Hexes
 + Level 0.2 Charms
 + Level 0.2 Summonings
 + Level 0.2 Necromancy
 + Level 0.2 Translocations
 + Level 0.2 Transmutations
 + Level 0.2 Fire Magic
 + Level 0.2 Ice Magic
 + Level 0.2 Air Magic
 + Level 2.0 Earth Magic
 + Level 0.2 Poison Magic
 + Level 0.4 Invocations
 + Level 4.4 Evocations


You had 14 spell levels left.
You knew the following spells:

 Your Spells              Type           Power        Failure   Level  Hunger
a - Summon Butterflies    Summ           #.......     12%         1    None

Your spell library contained the following spells:

 Spells                   Type           Power        Failure   Level  Hunger
 Summon Guardian Golem    Hex/Summ       #.......     26%         3    ##.....


Dungeon Overview and Level Annotations

Branches:
Dungeon (1/15)

Altars:


Innate Abilities, Weirdness & Mutations

Your experience applies equally to all skills.
You have very sharp teeth.
Your uncanny sense of smell can sniff out nearby items.


Message History

The kobold is severely wounded.
The kobold completely misses you.
The kobold hits you with a +0 short sword!
You are too injured to fight recklessly!
You are too injured to fight recklessly!
You are too injured to fight recklessly!
You are too injured to fight recklessly!
You are too injured to fight recklessly!
You are too injured to fight recklessly!
You are too injured to fight recklessly!
You are too injured to fight recklessly!
You are too injured to fight recklessly!
You are too injured to fight recklessly!
You are too injured to fight recklessly!
You are too injured to fight recklessly!
You are too injured to fight recklessly!
You are too injured to fight recklessly!
You are too injured to fight recklessly!
You are too injured to fight recklessly!
Are you sure you want to abandon this character and quit the game? (Confirm with "yes".)

#### ...####
..>.. #..#
#.#####..#######
#.$..K@........#
########.#####.
#..# ##.# #.## #
##..###.#
#.......#.#
#.#..####.#
#.#.รท# #.#


You could see a kobold.

Vanquished Creatures
  A dart slug (D:1)
  A bat (D:1)
  A giant cockroach (D:1)
  2 hobgoblins (D:1)
  2 frilled lizards (D:1)
  3 rats (D:1)
10 creatures vanquished.

Notes
Turn   | Place    | Note
-------+----------+-------------------------------------------
     0 | D:1      | Alphaeus the Gnoll Wanderer began the quest for the Orb.
     0 | D:1      | Alphaeus set off with the following items: a +2 falchion, a
                  | scroll of teleportation, a +0 robe, a ration; and the
                  | following spell memorised: Summon Butterflies; and the
                  | following spells available to memorise: Summon Guardian
                  | Golem
     0 | D:1      | Reached XP level 1. HP: 17/17 MP: 8/8
   115 | D:1      | Reached XP level 2. HP: 22/23 MP: 10/10
   204 | D:1      | Quit the game

Levels and vault maps discovered:
D:1:      lemuel_arrival_room, layout_basic

Skill      XL: |  1 |
---------------+----+-----
Hexes          | 2 |  2.0
Earth Magic    | 2 |  2.0
Fighting       | |  2.4
Short Blades   | |  0.3
Long Blades    | |  2.4
Axes           | |  0.3
Maces & Flails | |  0.3
Polearms       | |  0.3
Staves         | |  0.3
Slings         | |  0.3
Bows           | |  0.3
Crossbows      | |  0.3
Throwing       | |  0.3
Armour         | |  0.3
Dodging        | |  0.3
Stealth        | |  2.2
Shields        | |  0.3
Unarmed Combat | |  0.3
Spellcasting   | |  7.1
Conjurations   | |  0.2
Charms         | |  0.2
Summonings     | |  0.2
Necromancy     | |  0.2
Translocations | |  0.2
Transmutations | |  0.2
Fire Magic     | |  0.2
Ice Magic      | |  0.2
Air Magic      | |  0.2
Poison Magic   | |  0.2
Invocations    | |  0.4
Evocations     | |  4.4

Action                   || total
-------------------------++-------
Melee: Falchion          ||    17
 Stab: Sleeping          ||     2
Armor: Robe              ||     4
Dodge: Dodged            ||     6
       Rpst.: Falchion   ||     3

Table legend:
 A = Non-vault XP
 B = Vault XP
 C = Vault XP percentage of total XP
 D = Non-vault monster count
 E = Vault monster count
 F = Vault count percentage of total count
                 A         B        C        D         E       F
            +---------+---------+-------+---------+---------+-------
      Total |      17 |       0 |   0.0 |      10 |       0 |   0.0
            +---------+---------+-------+---------+---------+-------
        D:1 |      17 |       0 |   0.0 |      10 |       0 |   0.0
            +---------+---------+-------+---------+---------+-------
